 Dungeon Crawl Stone Soup version 0.30-a0-358-g0d69a1922f (webtiles) character file.

Game seed: 15406823290296871883

2611 vineage the Fighter (level 9, -1/60 HPs)
             Began as a Gargoyle Fighter on Nov 9, 2022.
             Slain by Verendum's ghost (8 damage)
             ... on level 6 of the Dungeon.
             The game lasted 00:08:16 (6646 turns).

vineage the Fighter (Gargoyle Fighter)              Turns: 6646, Time: 00:08:16

Health: -1/60      AC: 19    Str: 24    XL:     9   Next: 60%
Magic:  9/9        EV:  8    Int:  9    God:
Gold:   353        SH:  6    Dex: 15    Spells: 8/8 levels left

rFire   . . .      SeeInvis .    a - +0 flail
rCold   . . .      Faith    .    c - +0 buckler
rNeg    + . .      Spirit   .    h - +0 chain mail
rPois   ∞          Reflect  .    z - +1 helmet
rElec   +          Harm     .    (no cloak)
rCorr   .          Rampage  .    (no gloves)
Will    .....                    (no boots)
Stlth   ..........               (no amulet)
HPRegen 0.30/turn                i - ring of flight
MPRegen 0.11/turn                x - +6 ring of dexterity

@: on berserk cooldown, flying, slowed, studying Stealth, very slow
A: sickness immunity, AC +6, negative energy resistance 1, electricity
resistance, torment resistance 1, petrification resistance
a: no special abilities


You were on level 6 of the Dungeon.
You visited 1 branch of the dungeon, and saw 6 of its levels.
You also visited: Sewer.

You collected 353 gold pieces.

Inventory:

Hand Weapons
 a - a +0 flail (weapon)
Armour
 b - a +0 helmet
 c - a +0 buckler (worn)
 h - a +0 chain mail (worn)
 z - a +1 helmet (worn)
Jewellery
 i - a ring of flight (left hand)
 m - a +6 ring of intelligence
 r - a ring of protection from cold
 w - a ring of resist corrosion
 x - a +6 ring of dexterity (right hand)
Wands
 v - a wand of acid (6)
 y - a wand of paralysis (7)
Scrolls
 e - 2 scrolls of teleportation
 n - a scroll of poison
 q - a scroll of vulnerability
Potions
 d - a potion of might
 f - 2 potions of lignification
 g - 3 potions of brilliance
 j - a potion of ambrosia {unknown}
 k - 2 potions of attraction
 o - a potion of haste {unknown}
 p - 2 potions of curing
 s - a potion of magic {unknown}
 t - a potion of flight {unknown}
 u - a potion of mutation {unknown}


   Skills:
 * Level 8.7 Fighting
 * Level 7.6 Maces & Flails
 + Level 6.6 Armour
 + Level 6.5 Shields


You had 8 spell levels left.
You didn't know any spells.
Your spell library contained the following spells:

 Spells                   Type           Power      Damage    Failure   Level
 Foxfire                  Conj/Fire      0%         2x1d4     97%         1
 Sting                    Tmut/Pois      0%         1d3       97%         1
 Blink                    Tloc           0%         N/A       99%         2
 Momentum Strike          Conj/Tloc      0%         3d8       99%         2
 Poisonous Vapours        Pois/Air       0%         N/A       99%         2
 Lesser Beckoning         Tloc           0%         N/A       100%        3
 Stone Arrow              Conj/Erth      0%         3d7       100%        3
 Animate Armour           Summ/Erth      0%         N/A       100%        4
 Olgreb's Toxic Radiance  Pois           0%         N/A       100%        4
 Fireball                 Conj/Fire      0%         3d3       100%        5
 Starburst                Conj/Fire      0%         6d3       100%        6
 Lehudib's Crystal Spear  Conj/Erth      0%         10d2      100%        8


Dungeon Overview and Level Annotations

Branches:
Dungeon (6/15)              Sewer (visited)
 Temple: D:4-7

Altars:

Annotations:
D:6 1 transporter, Verendum's ghost, novice OpMo


Innate Abilities, Weirdness & Mutations

You are immune to sickness and miasma.
Your stone body is resilient. (AC +6)
You are immune to poison.
You resist negative energy. (rN+)
You are resistant to electric shocks. (rElec)
You are resistant to unholy torment.
You are immune to petrification.


Message History

The gnoll sergeant hits you but does no damage.
The gnoll sergeant hits you with a +3 spear of venom!
You block the gnoll's attack.
Verendum's ghost hits you but does no damage.
You closely miss the gnoll sergeant.
The gnoll sergeant is severely wounded.
You block the gnoll's attack. You block Verendum's ghost's attack.
The gnoll sergeant barely misses you.
The gnoll sergeant hits you but does no damage.
You block the gnoll's attack.
Verendum's ghost hits you but does no damage.
You closely miss the gnoll sergeant.
The gnoll sergeant is severely wounded.
The gnoll hits you but does no damage. Verendum's ghost hits you.
The gnoll sergeant hits you but does no damage.
You hit the gnoll sergeant.
The gnoll sergeant is severely wounded.
The gnoll hits you from afar with a +1 halberd of venom.
* * * LOW HITPOINT WARNING * * *
Verendum's ghost hits you!
* * * LOW HITPOINT WARNING * * *
The gnoll sergeant hits you but does no damage.
The gnoll sergeant hits you with a +3 spear of venom.
* * * LOW HITPOINT WARNING * * *
The gnoll hits you from afar with a +1 halberd of venom.
* * * LOW HITPOINT WARNING * * *
Verendum's ghost hits you but does no damage.
You hit the gnoll sergeant but do no damage.
The gnoll sergeant is severely wounded.
The gnoll barely misses you. You block Verendum's ghost's attack.
The gnoll sergeant hits you but does no damage.
You hit the gnoll sergeant but do no damage.
The gnoll sergeant is severely wounded.
The gnoll barely misses you.
Verendum's ghost hits you but does no damage.
The gnoll sergeant hits you but does no damage.
The gnoll sergeant barely misses you. You block the gnoll's attack.
Verendum's ghost shrieks, "Do you think the gods will protect you?"
Verendum's ghost hits you!
You die...

#.# #.#####...###.# ##.#
###.#######.######.###..###..####
.......#.............(...........
######...≈≈≈≈≈≈≈≈≈≈≈...≈≈≈≈≈≈≈≈≈≈
##..≈≈≈≈≈≈≈≈≈≈≈...≈≈≈≈≈≈≈≈≈≈
#..≈≈#####.).........#####≈
##.≈≈#.#.#.###.©.###.#.#.#≈
#.≈≈#...###g#####.###...#≈
#.≈≈###.g@Wg).........###≈
########.≈≈.8#.######'###'##.#8.≈
.........≈≈.##.#$[)#8.g#...#.##.≈
########.~~.#..'..:#⌠©.....'..#.~
#.≈≈.##.#.."#8..#...#.##.≈
#.≈≈.8#.######'###'##.#8.≈
#.≈≈###.........gg...g###≈
#.≈≈#...###.#####g###..g#≈
#.≈≈#.#.#.###.©.###.#.#g#≈


You could see a gnoll sergeant, Verendum's ghost and 2 gnolls.

Vanquished Creatures
  Sigmund (D:4)
  A steam dragon (D:6)
  2 water moccasins
  Pargi (Sewer)
  2 ice beasts (D:6)
  A sky beast (D:6)
  4 ogres
  Blork the orc (D:4)
  3 bullfrogs
  A gnoll sergeant (D:4)
  A necrophage (D:5)
  2 scorpions
  A howler monkey (D:5)
  4 hounds
  A gnoll bouda (D:6)
  2 orc priests
  A jelly (D:4)
  2 iguanas (D:6)
  4 orc wizards
  18 gnolls
  12 adders
  5 river rats (D:4)
  A white imp (D:6)
  An ufetubus (D:5)
  2 worms (D:4)
  A dart slug (D:2)
  28 orcs
  8 ball pythons
  7 bats
  6 endoplasms
  7 giant cockroaches
  5 goblins
  7 hobgoblins
  9 jackals
  3 quokkas
  3 frilled lizards
  7 kobolds
  11 rats
176 creatures vanquished.

Vanquished Creatures (others)
  6 plants (D:6)
6 creatures vanquished.

Grand Total: 182 creatures vanquished

Notes
Turn   | Place    | Note
-------+----------+-------------------------------------------
     0 | D:1      | vineage the Gargoyle Fighter began the quest for the Orb.
     0 | D:1      | Reached XP level 1. HP: 14/14 MP: 1/1
   148 | D:1      | Found a faded altar of an unknown god.
   230 | D:1      | Reached XP level 2. HP: 19/19 MP: 2/2
   409 | D:1      | Reached XP level 3. HP: 17/24 MP: 3/3
  1261 | D:2      | Reached skill level 4 in Fighting
  1261 | D:2      | Reached XP level 4. HP: 29/29 MP: 4/4
  1697 | D:3      | Reached XP level 5. HP: 11/34 MP: 5/5
  2236 | D:3      | HP: 1/34 [orc/+0 trident (4)]
  2746 | D:4      | Reached XP level 6. HP: 36/40 MP: 6/6
  2808 | D:4      | Reached skill level 5 in Fighting
  3137 | D:4      | Reached XP level 7. HP: 6/44 MP: 7/7
  3235 | D:4      | Found a glowing drain.
  3243 | Sewer    | Entered a sewer
  3446 | Sewer    | Noticed Pargi
  3466 | Sewer    | Killed Pargi
  3776 | D:4      | Reached skill level 6 in Fighting
  3776 | D:4      | Reached skill level 5 in Maces & Flails
  3785 | D:4      | Reached skill level 5 in Armour
  3794 | D:4      | Reached skill level 5 in Shields
  3822 | D:4      | Reached XP level 8. HP: 30/52 MP: 4/8
  3992 | D:4      | Noticed Sigmund
  4035 | D:4      | Killed Sigmund
  4213 | D:4      | Noticed Blork the orc
  4225 | D:4      | Killed Blork the orc
  4441 | D:5      | Entered Level 5 of the Dungeon
  4445 | D:5      | Reached skill level 7 in Fighting
  5280 | D:6      | Reached XP level 9. HP: 49/59 MP: 9/9
  5287 | D:6      | Reached skill level 8 in Fighting
  5763 | D:6      | Noticed Verendum's ghost (novice OpMo)
  5797 | D:6      | Found a transporter.
  5805 | D:6      | Found a transporter.
  6646 | D:6      | Slain by Verendum's ghost

Illustrated notes

Levels and vault maps discovered:
D:1:      minmay_arrival_widening_spiral_wide, layout_loops_ring,
          ebering_ecumenical_altar_rust
D:2:      layout_basic, hangedman_decor_diamond_cutter, kennysheep_minor_cross
D:3:      layout_loops_cross
D:4:      layout_loops_ring, lightli_sewer_entry_pipes,
          minmay_manual_monstrance, uniq_blork_the_orc, uniq_sigmund
D:5:      layout_rooms, hex_large
D:6:      layout_loops_ring, gammafunk_ghost_gnarly_gnolls

Skill      XL: |  1  2  3  4  5  6  7  8  9 |
---------------+----------------------------+-----
Fighting       | 4 5 6 7 8 |  8.7
Maces & Flails | 3 4 5 6 7 |  7.6
Armour         | 4 5 6 |  6.6
Shields        | 4 5 6 |  6.5

Action                   |  1- 3 |  4- 6 |  7- 9 || total
-------------------------+-------+-------+-------++-------
Melee: Flail             |   134 |   268 |   407 ||   809
  Use: Scroll            |     7 |     2 |     5 ||    14
       Potion            |       |     2 |     5 ||     7
Armor: Scale mail        |    80 |       |       ||    80
       Chain mail        |    24 |   191 |   336 ||   551
Dodge: Dodged            |   101 |   106 |   148 ||   355
Block: Buckler           |    33 |    68 |   103 ||   204

Table legend: (Time is in decaauts)
 A = Elapsed time spent in this place.
 B = Non-inter-level travel time spent in this place.
 C = Inter-level travel time spent in this place.
 D = Time resting spent in this place.
 E = Time spent auto-exploring this place.
 F = Levels seen in this place.
 G = Mean time per level.
                   A        B        C        D        E       F      G
               +--------+--------+--------+--------+--------+-----+--------+
         Total |   6813 |   6579 |    234 |    648 |   4264 |   7 |  973.3 |
       Dungeon |   6472 |   6238 |    234 |    503 |   4137 |   6 | 1078.7 |
         Sewer |    341 |    341 |      0 |    145 |    127 |   1 |  341.0 |
               +--------+--------+--------+--------+--------+-----+--------+

Top non-repeatable levels by time:
     D:6: 1525 daAuts
     D:4: 1450 daAuts
     D:3: 1112 daAuts
     D:1: 909 daAuts
     D:2: 768 daAuts
     D:5: 705 daAuts
   Sewer: 341 daAuts
